 Dungeon Crawl Stone Soup version 0.21.1-1-g345015f (webtiles) character file.

20036 inc the Spry (level 12, -2/58 HPs)
             Began as a Felid Monk on Mar 13, 2018.
             Was the Champion of Ru.
             Killed by divine providence
             ... invoked by a smoke demon
             ... summoned by an orc sorcerer
              (10 damage)
             ... while paralysed by an orc sorcerer
             ... on level 1 of the Orcish Mines.
             The game lasted 00:50:35 (26490 turns).

inc the Spry (Felid Monk)                          Turns: 26490, Time: 00:50:36

Health: -2/58      AC:  3    Str:  7    XL:     12   Next: 41%
Magic:  15/19      EV:  4    Int: 12    God:    Ru [******]
Gold:   763        SH:  0    Dex: 29    Spells: 15/19 levels left
                                        Lives:  0   Deaths: 4

rFire    . . .     SeeInvis +     - Unarmed
rCold    + . .     Gourm    .   (shield unavailable)
rNeg     . . .     Faith    +   (armour unavailable)
rPois    .         Spirit   .   (helmet unavailable)
rElec    .         Reflect  .   (cloak unavailable)
rCorr    .         Harm     .   (gloves unavailable)
MR       +....                  (boots unavailable)
Stlth    ++++++....             s - amulet of faith
HPRegen  0.19/turn              m - +6 ring of dexterity
MPRegen  0.16/turn              t - +3 ring of evasion

@: paralysed, exhausted, no potions, horrified, drained, quick
A: very small, no armour, no weapons or thrown items, stealth, claws 1, fangs 3,
see invisible, carnivore, speed 1, shaggy fur 3, slow metabolism 1, inability to
drink while threatened, inability to use devices, hated by all, cowardly, no
conjurations magic, no fire magic, no transmutations magic, sharp paws, missing
an eye
a: Draw Out Power, Power Leap, Apocalypse, Renounce Religion


You were on level 1 of the Orcish Mines.
You worshipped Ru.
Ru was exalted by your worship.
You were not hungry.

You visited 3 branches of the dungeon, and saw 20 of its levels.

You collected 1073 gold pieces.
You spent 310 gold pieces at shops.

Inventory:

Jewellery
 f - an uncursed ring of fire
 g - an uncursed amulet of magic regeneration
 i - a +4 ring of intelligence
 m - a +6 ring of dexterity (left paw)
 s - an amulet of faith (around neck)
 t - a +3 ring of evasion (right paw)
 u - a +3 ring of intelligence
 y - the ring "Quschar" {+Inv rPois rF+ Dex+3, unknown}
   (You took it off a centaur on level 12 of the Dungeon)

   [ring of dexterity]

   It affects your dexterity (+3).
   It protects you from fire.
   It protects you from poison.
   It lets you turn invisible.
 C - an uncursed ring of ice
 D - an uncursed ring of stealth
 F - a +4 ring of dexterity
 G - an uncursed ring of loudness
 K - a +5 amulet of reflection {unknown}
 O - an uncursed amulet of the gourmand {unknown}
Wands
 o - a wand of paralysis (15)
 p - a wand of scattershot (3)
Scrolls
 b - 5 scrolls of magic mapping
 c - 4 scrolls of teleportation
 e - 3 scrolls of noise {unknown}
 h - 4 scrolls of fear {unknown}
 j - 6 scrolls of fog
 k - 8 scrolls of remove curse
 l - 3 scrolls of amnesia
 r - 4 scrolls of enchant weapon {unknown}
 w - 3 scrolls of enchant armour {unknown}
 x - a scroll of blinking
 A - 2 scrolls of random uselessness {unknown}
 E - 2 scrolls of immolation
 J - 2 scrolls of torment
 M - a scroll of vulnerability
 R - 3 scrolls of identify
Potions
 d - 2 potions of haste
 n - 2 potions of degeneration
 q - a potion of brilliance
 v - a potion of lignification
 z - 2 potions of agility
 H - a potion of cancellation
 N - 2 potions of flight
 P - a potion of berserk rage {unknown}
 Q - 2 potions of ambrosia {unknown}
 S - a potion of mutation {unknown}
Books
 B - a book of Misfortune

   Spells                             Type                      Level
   a - Confusing Touch                Hexes                        1
   b - Confuse                        Hexes                        3
   c - Gell's Gravitas                Translocation                3
   d - Petrify                        Transmutation/Earth          4
   e - Metabolic Englaciation         Hexes/Ice                    5
   f - Yara's Violent Unravelling     Hexes/Transmutation          5
 I - a book of Necromancy

   Spells                             Type                      Level
   a - Pain                           Necromancy                   1
   b - Animate Skeleton               Necromancy                   1
   c - Vampiric Draining              Necromancy                   3
   d - Regeneration                   Charms/Necromancy            3
   e - Animate Dead                   Necromancy                   4
   f - Borgnjor's Vile Clutch         Necromancy/Earth             5
 L - a book of Enchantments

   Spells                             Type                      Level
   a - Cause Fear                     Hexes                        4
   b - Yara's Violent Unravelling     Hexes/Transmutation          5
   c - Silence                        Hexes/Air                    5
   d - Deflect Missiles               Charms/Air                   6
   e - Discord                        Hexes                        8
Comestibles
 a - 31 rations


   Skills:
 - Level 10.0(9.0) Fighting
 + Level 16.5(15.3) Dodging
 - Level 11.1(10.0) Stealth
 - Level 14.0(12.9) Unarmed Combat
 - Level 4.0(3.2) Spellcasting
 - Level 6.6(5.7) Hexes
 - Level 7.9(6.9) Charms
 - Level 4.5(3.6) Necromancy


You had 15 spell levels left.
You knew the following spells:

 Your Spells              Type           Power        Failure   Level  Hunger
a - Confusing Touch       Hex            ##....       2%          1    #......
b - Regeneration          Chrm/Necr      ##........   9%          3    ###....


Dungeon Overview and Level Annotations

Branches:
Dungeon (13/15)            Temple (0/1) D:4            Lair (6/6) D:8
 Shoals (0/4) Lair:3       Spider (0/4) Lair:2          Orc (1/2) D:12
  Slime: Lair:5-6    Vaults: D:13-14

Altars:
Ashenzari
Cheibriados
Elyvilon
Fedhas
Gozag
Kikubaaqudgha
Makhleb
Ru
Wu Jian
Zin
The Shining One

Shops:
D:5 %%:

Portals:
Ice
Cave: Orc:1

Annotations:
D:4 3 runed doors
D:6 bmj180's ghost, novice HaFi
D:13 Rupert


Innate Abilities, Weirdness & Mutations

You cannot wear armour.
You are incapable of wielding weapons or throwing items.
Your paws allow you to move quietly. (Stealth)
You have sharp claws.
You have razor-sharp teeth.
You have supernaturally acute eyesight. (SInv)
You are carnivorous and can eat meat at any time.
You cover ground quickly.
Your thick and shaggy fur keeps you warm. (AC +3, rC+)
You have a slow metabolism.
You cannot drink potions while threatened.
You cannot study or use magical devices.
You are hated by all.
Your cowardice makes you less effective in combat with threatening monsters.
You cannot study or cast Conjurations magic.
You cannot study or cast Fire magic.
You cannot study or cast Transmutations magic.
Your sharp claws are effective at attacking unaware monsters.
You are missing an eye, making it more difficult to aim.


Message History

You are too injured to fight recklessly!
You are too injured to fight recklessly!
You redirect the orc wizard's attack!
Items here: )) [[ a glaive; a plate armour; a leather armour; a hand axe The orc wizard points at you and mumbles some strange words.
The puff of flame misses you.
The orc sorcerer points at you and mumbles some strange words.
You suddenly lose the ability to move!
The orc wizard begins to cast a spell, but is stunned by your will!
The orc wizard hits you but does no damage.
The orc sorcerer mumbles some strange words.
You feel a twist of horror at the sight of this foe.
The orc wizard hits you but does no damage.
You are electrocuted!
* * * LOW HITPOINT WARNING * * *
The smoke demon gestures at you. Something smites you!
You feel threatened and lose the ability to drink potions!
You die...

**** *#...........### *##..**
*#.........## * #.....*
##.........# * *##.....###
##...)...## ##**.....$.#.#
#..)......#
.$###.......$####[[[.....##
.##...........#).[$).[....#
.##............÷3[[.#.)).#####
.......#*#$....o@.$.#........#*
.).4.(####.[[..o..####........#
)..o....##.......$.#*#.>....###
†....().#...[[.....#......#.#
...Y.o).....)[#...........###
.##4..).....#.###.......###
####........### #......## #
##.......# #.#.....* ##.....##
*##....#*


You could see a smoke demon, an orc sorcerer and an orc wizard.

Vanquished Creatures
  Nessos (D:12)
  The ghost of
  1994 the Arsonist, a journeyman DgFE (Lair:3)
  3 hydras
  Erica (D:9)
  2 two-headed ogres
  4 death yaks (Lair:3)
  The ghost of Serooblart the Fighter, a novice MiFi of Okawaru (D:8)
  Nergalle (Lair:1)
  An unseen horror (D:8)
  2 ugly things (D:11)
  4 black mambas
  A merfolk siren (Lair:3)
  2 cyclopes (D:12)
  An elephant (Lair:6)
  The ghost of Anonimus the Chopper, a novice DsFi (D:4)
  Psyche (D:9)
  12 spiny frogs
  A gargoyle (D:10)
  3 rime drakes
  3 komodo dragons
  4 trolls
  2 merfolk (Lair:3)
  A jumping spider (Lair:2)
  2 hornets
  5 dream sheep (Lair:4)
  17 blink frogs
  9 hippogriffs
  2 redbacks (Lair:2)
  A vampire (D:11)
  A wyvern (D:11)
  Eustachio (D:5)
  4 basilisks
  45 yaks
  3 steam dragons
  3 wargs
  Menkaure (D:5)
  10 porcupines
  16 water moccasins
  12 ice beasts
  12 orc warriors
  10 ogres
  6 sky beasts
  3 phantoms
  9 centaurs
  8 crocodiles
  A big kobold (D:8)
  17 bullfrogs
  5 scorpions
  26 killer bees
  5 wights (D:6)
  10 howler monkeys
  A centaur zombie (D:12)
  4 crimson imps
  2 bullfrog zombies
  5 hounds
  3 jellies
  14 orc priests
  3 centaur skeletons
  Ijyb (D:3)
  5 iguanas
  16 orc wizards
  7 hell rats (Lair:4)
  10 worker ants
  A hound zombie (D:5)
  A hound skeleton (D:11)
  Robin (D:2)
  22 adders
  A shadow imp (D:10)
  An ooze (D:5)
  An adder zombie (D:8)
  An adder skeleton (D:7)
  2 worms (D:3)
  2 dart slugs
  3 leopard geckos
  67 orcs
  9 giant cockroaches
  19 goblins
  13 hobgoblins
  9 jackals
  11 kobolds
  6 quokkas
  A ball python (D:1)
  2 bats (D:2)
  5 frilled lizards
  A jackal skeleton (D:4)
  A leopard gecko skeleton (D:4)
  A quokka skeleton (D:4)
  7 rats
  3 fungi
  3 plants
562 creatures vanquished.

Vanquished Creatures (others)
  A merfolk siren (Lair:3)
  2 komodo dragons
  4 yaks
  A wyvern (Lair:4)
  An ogre (Orc:1)
  Blork the orc (D:4)
  An orc priest (D:12)
  A goblin (D:3)
  6 fungi
  7 plants
25 creatures vanquished.

Grand Total: 587 creatures vanquished

Notes
Turn   | Place    | Note
-------+----------+-------------------------------------------
     0 | D:1      | inc the Felid Monk began the quest for the Orb.
     0 | D:1      | Reached XP level 1. HP: 10/10 MP: 2/2
    91 | D:1      | Reached XP level 2. HP: 14/14 MP: 3/3
   106 | D:1      | Reached skill level 5 in Dodging
   600 | D:2      | Reached XP level 3. HP: 7/17 MP: 4/4
   903 | D:2      | Reached skill level 6 in Dodging
  1329 | D:2      | Reached XP level 4. HP: 14/21 MP: 5/5
  1726 | D:2      | Noticed Robin
  1740 | D:2      | Reached skill level 7 in Dodging
  2244 | D:2      | Killed Robin
  2854 | D:3      | Reached XP level 5. HP: 24/24 MP: 6/6
  2976 | D:3      | Reached skill level 8 in Dodging
  3180 | D:3      | Noticed Ijyb
  3213 | D:3      | Killed Ijyb
  3279 | D:3      | Found a sacrificial altar of Ru.
  3332 | D:3      | Became a worshipper of Ru the Awakened
  3336 | D:3      | Gained mutation: You cannot study or use magical devices. [Ru sacrifice]
  3336 | D:3      | Reached * piety under Ru
  3336 | D:3      | Reached ** piety under Ru
  3873 | D:4      | Noticed Blork the orc
  3911 | D:4      | Noticed Menkaure
  3912 | D:4      | Gained mutation: You are covered in thick fur. (AC +2) [Felid growth]
  3912 | D:4      | Reached XP level 6. HP: 28/28 MP: 7/7
  4091 | D:4      | Found a staircase to the Ecumenical Temple.
  4105 | D:4      | Noticed Anonimus's ghost (novice DsFi)
  4122 | D:5      | Entered Level 5 of the Dungeon
  4288 | D:5      | Noticed a water moccasin
  4305 | D:5      | Killed a water moccasin
  4646 | D:5      | Reached skill level 5 in Fighting
  4891 | D:6      | Reached XP level 7. HP: 27/33 MP: 8/8
  5118 | D:6      | Noticed bmj180's ghost (novice HaFi)
  5230 | D:5      | Noticed Eustachio
  5233 | D:5      | Found Dasihy's Food Shoppe.
  5317 | D:4      | Killed Blork the orc
  5601 | D:4      | Found a runed door.
  5662 | D:5      | HP: 1/36 [Eustachio/falchion of venom (6)]
  5663 | D:5      | Succumbed to Eustachio's poison
  5664 | D:5      | Reached XP level 6. HP: 0/33 MP: 7/7
  5667 | D:5      | Found Turhich's Food Shoppe.
  5676 | D:5      | Noticed an ice beast
  5937 | D:5      | Reached XP level 7. HP: 35/36 MP: 8/8
  6634 | D:6      | Reached skill level 5 in Unarmed Combat
  6686 | D:6      | Gained mutation: You are missing an eye, making it more difficult to aim. [Ru sacrifice]
  6686 | D:6      | Reached *** piety under Ru
  6980 | D:7      | Found an ornate altar of the Wu Jian Council.
  6995 | D:7      | Found Zin's Purification Station.
  6996 | D:7      | Found a glowing silver altar of Zin.
  7023 | D:7      | Reached XP level 8. HP: 40/40 MP: 9/9
  7029 | D:7      | Bought a potion of curing for 90 gold pieces
  7418 | D:7      | Found a snail-covered altar of Cheibriados.
  8338 | D:8      | Noticed an unseen horror
  8340 | D:8      | Found an ancient bone altar of Kikubaaqudgha.
  8342 | D:8      | Found a burning altar of Makhleb.
  8361 | D:8      | Killed an unseen horror
  8361 | D:8      | Reached XP level 9. HP: 15/43 MP: 10/10
  8676 | D:9      | Noticed Erica
  8690 | D:9      | Killed Erica
  8690 | D:9      | Reached skill level 10 in Unarmed Combat
  8978 | D:9      | Noticed Psyche
  9499 | D:9      | Reached skill level 9 in Dodging
  9678 | D:9      | Noticed a troll
  9681 | D:9      | Found a white marble altar of Elyvilon.
  9717 | D:9      | Mangled by an orc warrior
  9718 | D:9      | Reached XP level 8. HP: -8/40 MP: 9/9
  9757 | D:9      | Noticed a troll
  9766 | D:9      | Killed a troll
  9766 | D:9      | Reached skill level 10 in Dodging
  9766 | D:9      | Reached XP level 9. HP: 43/43 MP: 10/10
  9896 | D:8      | Gained mutation: You cannot study or cast Fire magic. [Ru sacrifice]
  9896 | D:8      | Gained mutation: You cannot study or cast Transmutations magic. [Ru sacrifice]
  9896 | D:8      | Gained mutation: You cannot study or cast Conjurations magic. [Ru sacrifice]
  9896 | D:8      | Reached **** piety under Ru
  9927 | D:8      | Noticed Serooblart's ghost (novice MiFi)
  9943 | D:7      | Reached skill level 11 in Dodging
 10290 | D:5      | Killed Eustachio
 10313 | D:5      | Found Bopp's Book Emporium.
 10321 | D:5      | Bought a book of Misfortune for 220 gold pieces
 10323 | D:5      | Learned a level 1 spell: Confusing Touch
 10349 | D:5      | Reached skill level 1 in Hexes
 11022 | D:5      | Killed Menkaure
 11022 | D:5      | Reached skill level 5 in Hexes
 11040 | D:4      | Killed Anonimus's ghost
 11040 | D:4      | Reached XP level 10. HP: 28/47 MP: 9/11
 11217 | D:4      | Found a large runed door.
 11217 | D:4      | Found a large runed door.
 11264 | D:4      | Found a large runed door.
 11264 | D:4      | Found a large runed door.
 11293 | D:4      | Noticed a two-headed ogre
 11297 | D:4      | Killed a two-headed ogre
 11367 | D:4      | Found a blossoming altar of Fedhas.
 12144 | D:8      | Killed Serooblart's ghost
 12252 | D:8      | Found a staircase to the Lair.
 12408 | D:9      | Killed Psyche
 12818 | D:9      | Found an opulent altar of Gozag.
 12818 | D:9      | Found a faded altar of an unknown god.
 12823 | D:9      | Found a shattered altar of Ashenzari.
 12825 | D:9      | Found a faded altar of an unknown god.
 12827 | D:9      | Found a glowing golden altar of the Shining One.
 12910 | D:10     | Entered Level 10 of the Dungeon
 12972 | D:10     | Reached skill level 10 in Fighting
 13256 | D:10     | Reached skill level 5 in Stealth
 13391 | D:10     | Reached XP level 11. HP: 54/54 MP: 12/12
 14191 | D:11     | Noticed a white ugly thing
 14214 | D:11     | Killed a white ugly thing
 14877 | Lair:1   | Entered Level 1 of the Lair of Beasts
 15497 | D:8      | Reached skill level 10 in Stealth
 16058 | Lair:1   | Gained mutation: Your cowardice makes you less effective in combat with threatening monsters. [Ru sacrifice]
 16058 | Lair:1   | Reached ***** piety under Ru
 16178 | Lair:1   | Noticed Nergalle
 16188 | Lair:1   | Killed Nergalle
 16188 | Lair:1   | Reached skill level 12 in Dodging
 16219 | Lair:1   | HP: 1/54 [spiny frog (14)]
 16226 | Lair:1   | HP: 2/54 [spiny frog (9)]
 16255 | Lair:1   | Reached skill level 13 in Dodging
 16934 | Lair:2   | Noticed a five-headed hydra
 17010 | Lair:2   | Found a hole to the Spider Nest.
 17039 | Lair:2   | Reached skill level 1 in Spellcasting
 17078 | Lair:2   | Noticed a seven-headed hydra
 17097 | Lair:2   | Killed a seven-headed hydra
 17141 | Lair:2   | Gained mutation: Your thick and shaggy fur keeps you warm. (AC +3, rC+) [Felid growth]
 17141 | Lair:2   | Reached XP level 12. HP: 34/58 MP: 13/16
 17785 | Lair:2   | Killed a five-headed hydra
 18352 | Lair:3   | Noticed 1994's ghost (journeyman DgFE)
 18778 | Lair:3   | Killed 1994's ghost
 18846 | Lair:3   | Noticed a death yak
 18848 | Lair:3   | Noticed a death yak
 18857 | Lair:3   | Noticed a death yak
 18858 | Lair:3   | Noticed a death yak
 18866 | Lair:3   | Killed a death yak
 18868 | Lair:3   | Killed a death yak
 18885 | Lair:3   | Killed a death yak
 18890 | Lair:3   | Killed a death yak
 19159 | Lair:3   | Found a staircase to the Shoals.
 19701 | Lair:4   | Gained mutation: You are hated by all. [Ru sacrifice]
 19935 | Lair:4   | Learned a level 3 spell: Regeneration
 19982 | Lair:4   | Reached skill level 1 in Charms
 20594 | Lair:4   | Reached XP level 13. HP: 61/61 MP: 20/20
 20689 | Lair:4   | Reached skill level 5 in Charms
 21296 | Lair:5   | Reached skill level 1 in Necromancy
 21619 | Lair:5   | Found the +7 captain's cutlass {speed, disarm}
 21834 | Lair:4   | HP: 3/61 [eight-headed hydra (18)]
 21834 | Lair:4   | Mangled by an eight-headed hydra
 21835 | Lair:4   | Reached XP level 12. HP: -12/58 MP: 19/19
 21914 | Lair:5   | Killed a six-headed hydra
 22400 | Lair:6   | Entered Level 6 of the Lair of Beasts
 22468 | Lair:6   | Noticed a four-headed hydra
 22981 | Lair:6   | Gained mutation: You cannot drink potions while threatened. [Ru sacrifice]
 22981 | Lair:6   | Reached ****** piety under Ru
 24019 | D:11     | Reached skill level 14 in Dodging
 24638 | D:12     | Noticed a two-headed ogre
 24703 | D:11     | Killed a two-headed ogre
 24858 | D:12     | Noticed Nessos
 24863 | D:12     | Reached skill level 15 in Dodging
 24863 | D:12     | Killed Nessos
 24863 | D:12     | Reached XP level 13. HP: 61/61 MP: 20/20
 25073 | D:12     | Got a bound silver ring
 25144 | D:12     | Found a staircase to the Orcish Mines.
 25451 | D:12     | Reached skill level 16 in Dodging
 25910 | D:13     | Noticed Rupert
 26167 | Orc:1    | Entered Level 1 of the Orcish Mines
 26220 | Orc:1    | HP: 2/61 [orc priest/divine providence (10)]
 26221 | Orc:1    | Killed from afar by an orc wizard
 26222 | Orc:1    | Reached XP level 12. HP: -3/58 MP: 17/19
 26314 | Orc:1    | Found a frozen archway.
 26486 | Orc:1    | Paralysed by an orc sorcerer for 7 turns
 26490 | Orc:1    | Killed from afar by a smoke demon

Skill      XL: |  1  2  3  4  5  6  7  8  9 10 11 12 13 |
---------------+----------------------------------------+-----
Dodging        | 5 6 7 8 10 11 13 15 16 | 16.5
Fighting       | 5 7 10 | 10.0
Unarmed Combat | 6 9 11 14 | 14.0
Hexes          | 6 |  6.6
Stealth        | 5 11 | 11.1
Spellcasting   | 2 4 |  4.0
Charms         | 7 6 |  7.9
Necromancy     | 4 2 |  4.5

Action                   |  1- 3 |  4- 6 |  7- 9 | 10-12 | 13-15 || total
-------------------------+-------+-------+-------+-------+-------++-------
Melee: Unarmed           |    93 |   302 |   609 |   950 |   286 ||  2240
       Bite              |     7 |    42 |   103 |   163 |    45 ||   360
       Punch             |     3 |     7 |    34 |    93 |    31 ||   168
 Cast: Confusing Touch   |       |       |     4 |    32 |     2 ||    38
       Regeneration      |       |       |       |       |     1 ||     1
Invok: Sacrifice Artific |       |     1 |       |       |       ||     1
       Sacrifice an Eye  |       |       |     1 |       |       ||     1
       Power Leap        |       |       |     3 |    40 |     6 ||    49
       Draw Out Power    |       |       |     3 |     4 |       ||     7
       Sacrifice Arcana  |       |       |     1 |       |       ||     1
       Apocalypse        |       |       |       |     4 |     2 ||     6
       Sacrifice Courage |       |       |       |     1 |       ||     1
       Sacrifice Drink   |       |       |       |     1 |       ||     1
       Sacrifice Love    |       |       |       |     1 |       ||     1
  Use: Scroll            |       |     5 |     4 |    10 |     2 ||    21
       Potion            |       |     2 |     1 |     5 |       ||     8
 Stab: Sleeping          |     8 |    11 |    12 |    24 |     8 ||    63
       Invisible         |       |     1 |     4 |     8 |     5 ||    18
       Distracted        |       |       |     3 |    18 |     4 ||    25
       Confused          |       |       |     1 |    16 |       ||    17
       Paralysed         |       |       |       |     6 |     2 ||     8
  Eat: Chunk             |     4 |     5 |    14 |    35 |     3 ||    61
       Ration            |       |       |     1 |       |       ||     1
Armor: Skin              |     1 |    16 |    10 |    15 |     4 ||    46
Dodge: Dodged            |    75 |   287 |   520 |   937 |   321 ||  2140
